Map: Newkirk Precinct TE (Void)

Players

MoWjAhEeD

  • Race: Terran Terran
  • League: Master
  • Spawn Location: 5:00

CrasH - Winner!

  • Race: Terran Terran
  • League: Master
  • Spawn Location: 7:00

VOD

Have the link to the VOD?

Description

Time

  • Played on: Jan. 19, 2017, 4:59 p.m.
  • Length: 8:27
Show
View Real Time Build Order
Export as new Build Order

MoWjAhEeD Terran 

Build Orders: 1/1/1, Cyclone Opening, MMM Bio 

Get SALT Encoding   

  12  0:01  SCV  
  13  0:13  SCV  
  14  0:19  Supply Depot  
  14  0:25  SCV  
  15  0:30  Refinery  
  15  0:40  SCV  
  16  0:46  Barracks  
  16  0:52  SCV  
  17  0:57  Refinery  
  17  1:04  SCV  
  18  1:17  SCV  
  19  1:32  Orbital Command  
  19  1:33  Reaper  
  19  1:36  Factory  
  20  1:46  Supply Depot  
  20  1:58  SCV  
  21  2:05  Reaper  
  22  2:10  SCV  
  23  2:22  SCV  
  24  2:25  Starport  
  24  2:26  Cyclone  
  27  2:34  SCV, Supply Depot  
  28  2:37  Barracks Tech Lab  
  28  2:46  SCV  
  29  2:58  SCV  
  30  3:10  SCV, Barracks Reactor  
  31  3:13  Raven  
  31  3:16  Factory Tech Lab  
  33  3:23  SCV  
  33  3:24  Supply Depot  
  34  3:29  Command Center  
  34  3:39  SCV  
  34  3:40  Siege Tank  
  38  3:47  Marine x2  
  40  3:51  Supply Depot  
  40  3:52  SCV  
  41  4:04  SCV  
  42  4:11  Viking x2  
  42  4:16  SCV  
  46  4:21  Marine  
  39  4:30  Siege Tank  
  41  4:33  SCV  
  42  4:42  Marine  
  42  4:44  Command Center  
  37  5:01  Marine  
  34  5:17  Barracks  
  34  5:18  Barracks  
  34  5:19  Marine  
  35  5:22  Stimpack  
  35  5:27  SCV  
  36  5:37  Medivac, Marine  
  36  5:39  SCV  
  40  5:50  Medivac  
  40  5:51  SCV  
  40  5:55  Marine  
  44  6:04  SCV  
  45  6:07  Barracks Reactor, Barracks Tech Lab  
  45  6:13  Marine  
  45  6:16  SCV  
  47  6:19  Orbital Command  
  47  6:24  Medivac  
  49  6:28  SCV  
  50  6:36  Marine  
  51  6:40  SCV  
  51  6:42  Marine  
  51  6:43  Combat Shields  
  51  6:44  Marine x2  
  51  6:45  SCV  
  56  6:49  Supply Depot  
  56  6:52  SCV  
  56  6:53  Supply Depot  
  57  6:54  Engineering Bay  
  57  6:57  Marine  
  57  7:00  Marine  
  59  7:02  SCV, Marine x2  
  59  7:04  SCV  
  59  7:07  Siege Tank  
  66  7:14  SCV  
  66  7:15  Marine  
  67  7:16  SCV  
  67  7:17  Marine  
  67  7:19  Marine  
  67  7:20  Marine  
  67  7:22  Supply Depot  
  72  7:33  Marine  
  72  7:35  Marine  
  59  7:53  Marine x3  
  59  7:54  Siege Tank  
  59  7:55  Medivac  
  67  7:58  SCV  
  67  7:59  SCV, Command Center, Refinery x2  
  68  8:11  SCV, Barracks Reactor  
  68  8:12  SCV  
  71  8:13  Barracks  
  71  8:15  Barracks  
  71  8:20  Factory  
Show
View Real Time Build Order
Export as new Build Order

CrasH Terran - Winner!

Build Orders: 1/1/1, Cyclone Opening 

Get SALT Encoding   

  12  0:01  SCV  
  13  0:13  SCV  
  14  0:18  Supply Depot  
  14  0:25  SCV  
  15  0:33  Refinery  
  15  0:39  SCV  
  16  0:45  Barracks  
  16  0:52  SCV  
  16  0:55  Refinery  
  17  1:04  SCV  
  18  1:16  SCV  
  19  1:32  Orbital Command, Reaper  
  20  1:37  Factory  
  20  1:46  Supply Depot  
  20  1:58  SCV  
  21  2:04  Reaper  
  22  2:10  SCV  
  23  2:25  Cyclone  
  23  2:29  Starport  
  26  2:30  SCV  
  26  2:34  Supply Depot  
  27  2:42  SCV  
  28  2:54  SCV  
  28  2:58  Cyclone  
  32  3:06  SCV  
  32  3:09  Viking  
  35  3:17  Supply Depot  
  35  3:18  SCV  
  36  3:22  Liberator  
  36  3:30  Hellion  
  36  3:34  SCV  
  39  3:41  Supply Depot  
  42  3:46  SCV  
  43  3:54  Hellion  
  45  3:59  Command Center  
  45  4:07  SCV  
  45  4:19  SCV  
  45  4:23  Barracks Reactor  
  41  4:24  Factory Tech Lab  
  41  4:29  Starport Reactor  
  41  4:30  Barracks  
  41  4:31  SCV, Barracks  
  42  4:43  SCV  
  43  4:55  SCV  
  43  4:56  Siege Tank  
  47  5:03  Marine x2  
  41  5:07  SCV  
  41  5:11  Orbital Command  
  42  5:16  Starport Reactor  
  42  5:18  Barracks Reactor  
  42  5:19  SCV, Refinery  
  43  5:22  Barracks Tech Lab  
  43  5:27  Marine x2  
  45  5:31  SCV  
  45  5:33  Marine x2, Siege Tank  
  51  5:40  SCV  
  51  5:41  Stimpack  
  52  5:43  SCV  
  52  5:44  Marine  
  54  5:52  SCV  
  54  5:55  SCV  
  54  5:56  Engineering Bay  
  56  5:58  Medivac  
  56  6:01  Medivac  
  56  6:04  SCV, Marine  
  61  6:06  Marine x2  
  61  6:08  SCV  
  61  6:09  Marine  
  61  6:10  Marine  
  67  6:14  Siege Tank  
  67  6:18  Refinery  
  70  6:22  Supply Depot  
  70  6:23  Supply Depot  
  70  6:25  Terran Infantry Weapons Level 1  
  70  6:31  Supply Depot  
  70  6:43  SCV x2, Marine x4, Viking  
  70  6:45  Viking  
  80  6:52  Siege Tank  
  83  6:55  SCV x2  
  83  7:01  Marine  
  85  7:07  Marine x4  
  90  7:18  SCV  
  90  7:19  Marine  
  91  7:28  Command Center  
  91  7:36  Marine  
  91  7:42  Marine x3  
  91  7:43  Marine  
  94  7:51  Siege Tank  
  94  8:02  Supply Depot  
  94  8:03  Supply Depot  
  94  8:05  Supply Depot  
  94  8:14  Supply Depot  
  94  8:15  Supply Depot  
Tags
 
Add a new tag
Caveats
  • Supply blocks, unpowered buildings, or Contaminate may cause inaccurate times.
  • Supply counts are checked every 10 seconds.